TOP OF THE 1ST |
Round Rock Express batting - Pitching for El Paso Sun Kings : RHP Grady Warren
|
Pitching: RHP Grady Warren
|
|
Batting: LHB Steve Lyons
|
0-0: Ball 1-0: SOLO HOME RUN (Flyball, 9D, EV 96.3 MPH), Distance : 383 ft
|
Batting: LHB Luis Armijo
|
0-0: Called Strike 0-1: Fly out, F8 (Flyball, 8LXD, EV 98.1 MPH)
|
Batting: RHB Alejandro Sanchez
|
0-0: Called Strike 0-1: Swinging Strike 0-2: Strikes out swinging
|
Batting: LHB Al Chambers
|
0-0: Ball 1-0: Ball 2-0: Ball 3-0: Base on Balls
|
Batting: RHB Martyn Maxwell
|
0-0: Called Strike Al Chambers is caught stealing 2nd base 2-4
|
Top of the 1st over - 1 run, 1 hit, 0 errors, 0 left on base; Round Rock 1 - El Paso 0 |
BOTTOM OF THE 1ST |
El Paso Sun Kings batting - Pitching for Round Rock Express : LHP Bill Krueger
|
Pitching: LHP Bill Krueger
|
|
Batting: SHB Keith Thrower
|
0-0: Called Strike 0-1: Ball 1-1: Single, Error in OF, E7, batter to second base (Line Drive, 78M, EV 91.3 MPH)
|
Batting: RHB Danny Ramires
|
0-0: Ball 1-0: Called Strike 1-1: Ball 2-1: Ground out 5-3 (Groundball, 56S, EV 85.0 MPH)
|
Batting: RHB Dionisio DeJesus
|
0-0: Ball 1-0: Ball 2-0: Foul Ball, location: 2F 2-1: TRIPLE (Line Drive, 89XD, EV 106.3 MPH) Keith Thrower scores
|
Batting: RHB Mike Anicich
|
0-0: Called Strike 0-1: Ground out 6-3 (Groundball, 6, EV 78.8 MPH) Dionisio DeJesus scores
|
Batting: RHB Cecil Strawn
|
0-0: Ball 1-0: Ball 2-0: Fly out, F8 (Flyball, 78D, EV 85.0 MPH)
|
Bottom of the 1st over - 2 runs, 2 hits, 1 error, 0 left on base; Round Rock 1 - El Paso 2 |
TOP OF THE 2ND |
Round Rock Express batting - Pitching for El Paso Sun Kings : RHP Grady Warren
|
Batting: RHB Martyn Maxwell
|
0-0: Ball 1-0: Called Strike 1-1: Foul Ball, location: 2F 1-2: Ball 2-2: Ground out 5-3 (Groundball, 56, EV 90.0 MPH)
|
Batting: LHB Dave Sanchez
|
0-0: Foul Ball, location: 2F 0-1: Ball 1-1: Ball 2-1: Ground out 6-3 (Groundball, 6M, EV 90.6 MPH)
|
Batting: RHB Gerald Miller
|
0-0: Ball 1-0: Ball 2-0: Called Strike 2-1: Ball 3-1: Swinging Strike 3-2: Base on Balls
|
Batting: LHB James Jennings
|
0-0: Ball Gerald Miller is caught stealing 2nd base 2-6
|
Top of the 2nd over - 0 runs, 0 hits, 0 errors, 0 left on base; Round Rock 1 - El Paso 2 |
BOTTOM OF THE 2ND |
El Paso Sun Kings batting - Pitching for Round Rock Express : LHP Bill Krueger
|
Batting: LHB Kevin Knuth
|
0-0: Foul Ball, location: 2F 0-1: Foul Ball, location: 2F 0-2: SINGLE (Flyball, 9S, EV 83.1 MPH)
|
Batting: RHB Jimmy Waugh
|
0-0: Ball 1-0: SINGLE (Groundball, 6M, EV 79.4 MPH) (infield hit) Kevin Knuth to second
|
Batting: RHB Carlos Rios
|
0-0: Ball 1-0: Foul Ball, location: 2F 1-1: Ball 2-1: Fielders Choice at 2nd, 1-4 (Groundball, 25, EV 68.1 MPH) Kevin Knuth to third
|
Batting: SHB Danny Torres
|
0-0: Ball 1-0: Swinging Strike 1-1: Hit by Pitch Carlos Rios to second
|
Batting: SHB Keith Thrower
|
0-0: Called Strike 0-1: Ball 1-1: Ball 2-1: SINGLE (Groundball, 6, EV 97.5 MPH) Kevin Knuth scores Carlos Rios to third Danny Torres to second Runner from 3rd tries for Home, SAFE, throw by LF to home
|
Batting: RHB Danny Ramires
|
0-0: Called Strike 0-1: Foul Ball, location: 2F 0-2: Strikes out swinging
|
Batting: RHB Dionisio DeJesus
|
0-0: Ball 1-0: Ball 2-0: Ball 3-0: Called Strike 3-1: Base on Balls Danny Torres to third Keith Thrower to second
|
Batting: RHB Mike Anicich
|
0-0: Ball 1-0: Ground out 4-3 (Groundball, 4MS, EV 66.3 MPH)
|
Bottom of the 2nd over - 2 runs, 3 hits, 0 errors, 3 left on base; Round Rock 1 - El Paso 4 |
TOP OF THE 3RD |
Round Rock Express batting - Pitching for El Paso Sun Kings : RHP Grady Warren
|
Batting: LHB James Jennings
|
0-0: Called Strike 0-1: Called Strike 0-2: Foul Ball, location: 2F 0-2: Foul Ball, location: 2F 0-2: Ball 1-2: Ground out 5-3 (Groundball, 5S, EV 68.8 MPH)
|
Batting: RHB George Ramos
|
0-0: Ball 1-0: Foul Ball, location: 2F 1-1: Ball 2-1: Ball 3-1: Base on Balls
|
Batting: LHB Steve Lyons
|
0-0: Ball 1-0: Called Strike 1-1: Ball 2-1: Foul Ball, location: 2F 2-2: Ball 3-2: Strikes out swinging
|
Batting: LHB Luis Armijo
|
0-0: Ball 1-0: Called Strike 1-1: Swinging Strike 1-2: Foul Ball, location: 2F 1-2: Ball George Ramos steals 2nd base 2-2: Ball 3-2: Ground out 6-3 (Groundball, 56, EV 100.6 MPH)
|
Top of the 3rd over - 0 runs, 0 hits, 0 errors, 1 left on base; Round Rock 1 - El Paso 4 |
BOTTOM OF THE 3RD |
El Paso Sun Kings batting - Pitching for Round Rock Express : LHP Bill Krueger
|
Batting: RHB Cecil Strawn
|
0-0: Foul Ball, location: 2F 0-1: SINGLE (Groundball, 6D, EV 103.1 MPH)
|
Batting: LHB Kevin Knuth
|
0-0: Ball 1-0: Ball 2-0: Swinging Strike 2-1: Swinging Strike 2-2: Ball 3-2: Strikes out looking Cecil Strawn steals 2nd base Batter strikes out.
|
Batting: RHB Jimmy Waugh
|
0-0: Ball 1-0: Ground out 5-3 (Groundball, 56S, EV 84.4 MPH)
|
Batting: RHB Carlos Rios
|
0-0: Foul Ball, location: 2F 0-1: Ball 1-1: SINGLE (Groundball, 6M, EV 98.1 MPH) Cecil Strawn to third Runner from 3rd tries for Home, SAFE, throw by CF to home
|
Batting: SHB Danny Torres
|
0-0: SINGLE (Line Drive, 89M, EV 105.6 MPH) Carlos Rios to second
|
Batting: SHB Keith Thrower
|
0-0: Ball 1-0: Called Strike 1-1: Ball 2-1: SINGLE (Groundball, 6, EV 97.5 MPH) Carlos Rios to third Danny Torres to second Runner from 3rd tries for Home, SAFE, throw by CF to home
|
Pitching: RHP Richard Dotson
|
|
Batting: RHB Danny Ramires
|
0-0: Ball 1-0: Ball 2-0: Ball 3-0: Called Strike 3-1: Base on Balls Danny Torres to third Keith Thrower to second
|
Batting: RHB Dionisio DeJesus
|
0-0: Called Strike 0-1: Ball 1-1: Fly out, F6 (Line Drive, 6, EV 69.4 MPH)
|
Bottom of the 3rd over - 2 runs, 4 hits, 0 errors, 3 left on base; Round Rock 1 - El Paso 6 |
TOP OF THE 4TH |
Round Rock Express batting - Pitching for El Paso Sun Kings : RHP Grady Warren
|
Batting: RHB Alejandro Sanchez
|
0-0: Foul Ball, location: 2F 0-1: Ball 1-1: Called Strike 1-2: Strikes out swinging
|
Batting: LHB Al Chambers
|
0-0: Called Strike 0-1: Foul Ball, location: 2F 0-2: Ball 1-2: Ball 2-2: Fly out, F7 (Line Drive, 7, EV 110.6 MPH)
|
Batting: RHB Martyn Maxwell
|
0-0: Ball 1-0: Ball 2-0: Ball 3-0: Called Strike 3-1: SINGLE (Line Drive, 78S, EV 92.5 MPH)
|
Batting: LHB Dave Sanchez
|
0-0: Ball 1-0: Ball 2-0: Called Strike 2-1: Called Strike 2-2: Strikes out swinging
|
Top of the 4th over - 0 runs, 1 hit, 0 errors, 1 left on base; Round Rock 1 - El Paso 6 |
BOTTOM OF THE 4TH |
El Paso Sun Kings batting - Pitching for Round Rock Express : RHP Richard Dotson
|
Batting: RHB Mike Anicich
|
0-0: Ball 1-0: Called Strike 1-1: Ball 2-1: Ball 3-1: Ground out U3 (Groundball, 3, EV 80.0 MPH)
|
Batting: RHB Cecil Strawn
|
0-0: Foul Ball, location: 2F 0-1: SINGLE (Groundball, 3D, EV 105.6 MPH)
|
Batting: LHB Kevin Knuth
|
0-0: Ball 1-0: Ball 2-0: Ball 3-0: Called Strike 3-1: Base on Balls Cecil Strawn to second
|
Batting: RHB Jimmy Waugh
|
0-0: Ball 1-0: Ball 2-0: Ball 3-0: Called Strike 3-1: Base on Balls Cecil Strawn to third Kevin Knuth to second
|
Batting: RHB Carlos Rios
|
0-0: Foul Ball, location: 2F 0-1: Called Strike 0-2: Strikes out looking
|
Batting: SHB Danny Torres
|
0-0: Ball 1-0: Called Strike 1-1: Ball 2-1: Ball 3-1: GRAND SLAM HOME RUN (Flyball, 9D, EV 87.5 MPH), Distance : 358 ft
|
Batting: SHB Keith Thrower
|
0-0: Fly out, F8 (Line Drive, 8RM, EV 85.0 MPH)
|
Bottom of the 4th over - 4 runs, 2 hits, 0 errors, 0 left on base; Round Rock 1 - El Paso 10 |
TOP OF THE 5TH |
Round Rock Express batting - Pitching for El Paso Sun Kings : RHP Grady Warren
|
Batting: RHB Gerald Miller
|
0-0: Ball 1-0: Fly out, F7 (Flyball, 78D, EV 100.0 MPH)
|
Batting: LHB James Jennings
|
0-0: Ball 1-0: Swinging Strike 1-1: Foul Ball, location: 2F 1-2: Ball 2-2: Ball 3-2: Foul Ball, location: 2F 3-2: SINGLE (Groundball, 4MD, EV 106.3 MPH)
|
Batting: RHB George Ramos
|
0-0: Called Strike 0-1: Foul Ball, location: 2F 0-2: Foul Ball, location: 2F 0-2: Grounds into double play, 6-4-3 (Groundball, 6, EV 102.5 MPH)
|
Top of the 5th over - 0 runs, 1 hit, 0 errors, 0 left on base; Round Rock 1 - El Paso 10 |
BOTTOM OF THE 5TH |
El Paso Sun Kings batting - Pitching for Round Rock Express : RHP Richard Dotson
|
Batting: RHB Danny Ramires
|
0-0: SINGLE (Groundball, 5S, EV 65.6 MPH) (infield hit)
|
Batting: RHB Dionisio DeJesus
|
0-0: Called Strike 0-1: Foul Ball, location: 2F 0-2: SINGLE (Groundball, 4M, EV 106.9 MPH) (infield hit) Danny Ramires to second
|
Batting: RHB Mike Anicich
|
0-0: Ball 1-0: Ball 2-0: Called Strike 2-1: Swinging Strike 2-2: Ball 3-2: Strikes out swinging
|
Batting: RHB Cecil Strawn
|
0-0: Called Strike 0-1: Ball 1-1: Foul Ball, location: 2F 1-2: Ball 2-2: DOUBLE (Flyball, 78D, EV 95.0 MPH) Danny Ramires scores Dionisio DeJesus to third Runner from 3rd tries for Home, SAFE, throw by LF to home
|
Pitching: RHP Bret Cleland
|
|
Batting: LHB Kevin Knuth
|
0-0: Called Strike 0-1: SINGLE (Groundball, 6D, EV 106.3 MPH) Cecil Strawn to third
|
Batting: RHB Jimmy Waugh
|
0-0: Ball 1-0: Ball 2-0: Called Strike 2-1: Ball 3-1: Foul Ball, location: 2F 3-2: Foul Ball, location: 2F 3-2: Base on Balls Kevin Knuth to second
|
Batting: RHB Carlos Rios
|
0-0: Called Strike 0-1: Swinging Strike 0-2: Foul Ball, location: 2F 0-2: Ball 1-2: Ball 2-2: Fly out, F4 (Popup, 3S, EV 85.0 MPH)
|
Batting: SHB Danny Torres
|
0-0: Ball 1-0: Swinging Strike 1-1: Fly out, F7 (Flyball, 7, EV 96.3 MPH)
|
Bottom of the 5th over - 2 runs, 4 hits, 0 errors, 3 left on base; Round Rock 1 - El Paso 12 |
TOP OF THE 6TH |
Round Rock Express batting - Pitching for El Paso Sun Kings : RHP Grady Warren
|
Batting: LHB Steve Lyons
|
0-0: Foul Ball, location: 2F 0-1: SINGLE (Line Drive, 6D, EV 99.4 MPH)
|
Batting: LHB Luis Armijo
|
0-0: Called Strike 0-1: Ball 1-1: Ball 2-1: Fly out, F8 (Flyball, 78D, EV 105.0 MPH)
|
Batting: RHB Alejandro Sanchez
|
0-0: Ball 1-0: Fly out, F3 (Popup, 3SF, EV 76.9 MPH)
|
Batting: LHB Al Chambers
|
0-0: Ball Steve Lyons is caught stealing 2nd base 2-6
|
Top of the 6th over - 0 runs, 1 hit, 0 errors, 0 left on base; Round Rock 1 - El Paso 12 |
BOTTOM OF THE 6TH |
El Paso Sun Kings batting - Pitching for Round Rock Express : RHP Bret Cleland
|
Batting: SHB Keith Thrower
|
0-0: Foul Ball, location: 2F 0-1: Ball 1-1: Fly out, F7 (Flyball, 7D, EV 91.9 MPH)
|
Batting: RHB Danny Ramires
|
0-0: Called Strike 0-1: Ground out 1-3 (Groundball, 34S, EV 71.9 MPH)
|
Batting: RHB Dionisio DeJesus
|
0-0: Ball 1-0: Called Strike 1-1: Ball 2-1: Ball 3-1: Foul Ball, location: 2F 3-2: Fly out, F6 (Popup, 6M, EV 54.4 MPH)
|
Bottom of the 6th over - 0 runs, 0 hits, 0 errors, 0 left on base; Round Rock 1 - El Paso 12 |
TOP OF THE 7TH |
Round Rock Express batting - Pitching for El Paso Sun Kings : RHP Grady Warren
|
Pinch Hitting: SHB Wayne Rudolph
|
0-0: SINGLE (Groundball, 6M, EV 104.4 MPH) (infield hit)
|
Batting: RHB Martyn Maxwell
|
0-0: Called Strike Wayne Rudolph steals 2nd base 0-1: Ball 1-1: Foul Ball, location: 2F 1-2: Strikes out swinging
|
Batting: LHB Dave Sanchez
|
0-0: Ball 1-0: Ball 2-0: Ball 3-0: Called Strike 3-1: Foul Ball, location: 2F 3-2: Base on Balls
|
Batting: RHB Gerald Miller
|
0-0: Ball 1-0: DOUBLE (Flyball, 78D, EV 92.5 MPH) Wayne Rudolph scores Dave Sanchez to third
|
Batting: LHB James Jennings
|
0-0: Ball 1-0: Called Strike 1-1: Swinging Strike 1-2: Ball 2-2: Foul Ball, location: 2F 2-2: Ball 3-2: Foul Ball, location: 2F 3-2: Foul Ball, location: 2F 3-2: Base on Balls
|
Batting: RHB George Ramos
|
0-0: Foul Ball, location: 2F 0-1: Foul Ball, location: 2F 0-2: Strikes out looking
|
Batting: LHB Steve Lyons
|
0-0: Ball 1-0: Foul Ball, location: 2F 1-1: Ball 2-1: Swinging Strike 2-2: Ball 3-2: Foul Ball, location: 2F 3-2: Base on Balls Dave Sanchez scores Gerald Miller to third James Jennings to second
|
Batting: LHB Luis Armijo
|
0-0: Ball 1-0: Called Strike 1-1: Ball 2-1: Swinging Strike 2-2: Strikes out looking
|
Top of the 7th over - 2 runs, 2 hits, 0 errors, 3 left on base; Round Rock 3 - El Paso 12 |
BOTTOM OF THE 7TH |
El Paso Sun Kings batting - Pitching for Round Rock Express : RHP Bret Cleland
|
Pitching: RHP Mario Kaufman
|
|
Now in LF: Wayne Rudolph
|
|
Batting: RHB Mike Anicich
|
0-0: Called Strike 0-1: Ball 1-1: Called Strike 1-2: Foul Ball, location: 2F 1-2: Foul Ball, location: 2F 1-2: Ball 2-2: Strikes out swinging
|
Batting: RHB Cecil Strawn
|
0-0: Ball 1-0: Foul Ball, location: 2F 1-1: Fly out, F7 (Flyball, 78XD, EV 106.9 MPH)
|
Batting: LHB Kevin Knuth
|
0-0: Ball 1-0: Foul Ball, location: 2F 1-1: Ball 2-1: Foul Ball, location: 2F 2-2: Strikes out swinging
|
Bottom of the 7th over - 0 runs, 0 hits, 0 errors, 0 left on base; Round Rock 3 - El Paso 12 |
TOP OF THE 8TH |
Round Rock Express batting - Pitching for El Paso Sun Kings : RHP Grady Warren
|
Batting: RHB Alejandro Sanchez
|
0-0: SINGLE (Line Drive, 78M, EV 93.8 MPH)
|
Batting: SHB Wayne Rudolph
|
0-0: Called Strike 0-1: Fly out, F8 (Flyball, 8RD, EV 100.6 MPH)
|
Pitching: LHP Michael Shoaf
|
|
Batting: RHB Martyn Maxwell
|
0-0: Ball 1-0: Foul Ball, location: 2F 1-1: Foul Ball, location: 2F 1-2: Ball 2-2: Foul Ball, location: 2F 2-2: Strikes out swinging
|
Batting: LHB Dave Sanchez
|
0-0: Swinging Strike 0-1: Ball 1-1: Called Strike 1-2: Ground out 5-3 (Groundball, 5S, EV 80.0 MPH)
|
Top of the 8th over - 0 runs, 1 hit, 0 errors, 1 left on base; Round Rock 3 - El Paso 12 |
BOTTOM OF THE 8TH |
El Paso Sun Kings batting - Pitching for Round Rock Express : RHP Mario Kaufman
|
Batting: RHB Jimmy Waugh
|
0-0: SOLO HOME RUN (Flyball, 7LD, EV 105.0 MPH), Distance : 374 ft
|
Batting: RHB Carlos Rios
|
0-0: Called Strike 0-1: Foul Ball, location: 2F 0-2: SINGLE (Flyball, 78S, EV 94.4 MPH)
|
Batting: SHB Danny Torres
|
0-0: Called Strike 0-1: Ball 1-1: Fielders Choice at 2nd, 4-6 (Groundball, 34, EV 104.4 MPH)
|
Batting: SHB Keith Thrower
|
0-0: Ball 1-0: SINGLE (Line Drive, 7S, EV 95.0 MPH) Danny Torres to second
|
Batting: RHB Danny Ramires
|
0-0: Ball 1-0: Ball 2-0: Called Strike 2-1: Ball 3-1: Foul Ball, location: 2F 3-2: Strikes out swinging
|
Batting: RHB Dionisio DeJesus
|
0-0: Ball 1-0: Fly out, F7 (Flyball, 7, EV 92.5 MPH)
|
Bottom of the 8th over - 1 run, 3 hits, 0 errors, 2 left on base; Round Rock 3 - El Paso 13 |
TOP OF THE 9TH |
Round Rock Express batting - Pitching for El Paso Sun Kings : LHP Michael Shoaf
|
Batting: RHB Gerald Miller
|
0-0: Ball 1-0: Ball 2-0: Ball 3-0: Called Strike 3-1: Swinging Strike 3-2: Base on Balls
|
Pinch Hitting: LHB Buck Showalter
|
0-0: Called Strike 0-1: Foul Ball, location: 2F 0-2: Foul Ball, location: 2F 0-2: Ball 1-2: Fly out, F9 (Flyball, 9, EV 86.9 MPH)
|
Batting: RHB George Ramos
|
0-0: Ball 1-0: Called Strike 1-1: Fielders Choice at 2nd, 6-4 (Groundball, 6, EV 104.4 MPH)
|
Batting: LHB Steve Lyons
|
0-0: Ball 1-0: Ball 2-0: Called Strike 2-1: Ball 3-1: Foul Ball, location: 2F 3-2: Strikes out swinging
|
Top of the 9th over - 0 runs, 0 hits, 0 errors, 1 left on base; Round Rock 3 - El Paso 13 |
|